 Dungeon Crawl Stone Soup version 0.28-a0-1429-gf3d713df7a (webtiles) character file.

Game seed: 8795026931695539090

451 Gargoyl the Skirmisher (level 7, -2/59 HPs)
             Began as a Gnoll Abyssal Knight on Jan 8, 2022.
             Was a Priest of Lugonu.
             Killed by divine providence
             ... invoked by an orc priest
              (14 damage)
             ... on level 4 of the Dungeon.
             The game lasted 00:04:30 (4802 turns).

Gargoyl the Skirmisher (Gnoll Abyssal Knight)       Turns: 4802, Time: 00:04:30

Health: -2/59      AC:  5    Str: 16    XL:     7   Next: 4%
Magic:  10/10      EV: 12    Int:  9    God:    Lugonu [***...]
Gold:   244        SH:  0    Dex: 19    Spells: 10/10 levels left

rFire   . . .      SeeInvis .   b - +1 falchion (drain)
rCold   . . .      Faith    .   (no shield)
rNeg    . . .      Spirit   .   c - +0 ring mail
rPois   .          Reflect  .   d - +1 helmet
rElec   .          Harm     .   (no cloak)
rCorr   .          Rampage  .   (no gloves)
Will    .....                   (no boots)
Stlth   ..........              (no amulet)
HPRegen 0.19/turn               h - +6 ring of dexterity
MPRegen 0.12/turn               (no ring)

@: confused, ambrosia-drunk
A: fangs 1, strong nose, distributed training, deformed body, strong 1,
devolution 1
a: Renounce Religion, Depart the Abyss, Bend Space, Banish


You were on level 4 of the Dungeon.
You worshipped Lugonu.
Lugonu was most pleased with you.
You visited 1 branch of the dungeon, and saw 4 of its levels.
You visited the Abyss 1 time.

You collected 244 gold pieces.

Inventory:

Hand Weapons
 a - a +1 hand axe of flaming
 b - a +1 falchion of draining (weapon)
 g - a +2 flail of holy wrath
Armour
 c - a +0 ring mail (worn)
 d - a +1 helmet (worn)
Jewellery
 h - a +6 ring of dexterity (left hand)
Scrolls
 f - 2 scrolls of brand weapon
 i - a scroll of teleportation
 j - a scroll of identify
 k - a scroll of silence {unknown}


   Skills:
 + Level 6.9 Fighting
 + Level 2.2 Short Blades
 + Level 2.2 Long Blades
 + Level 5.1 Axes
 + Level 2.2 Maces & Flails
 + Level 2.2 Polearms
 + Level 2.2 Staves
 + Level 2.2 Slings
 + Level 2.2 Bows
 + Level 2.2 Crossbows
 + Level 2.2 Throwing
 + Level 5.1 Armour
 + Level 3.4 Dodging
 + Level 2.2 Stealth
 + Level 2.2 Shields
 + Level 2.2 Unarmed Combat
 + Level 2.2 Spellcasting
 + Level 1.8 Conjurations
 + Level 1.8 Hexes
 + Level 1.8 Summonings
 + Level 1.8 Necromancy
 + Level 1.8 Translocations
 + Level 1.8 Transmutations
 + Level 1.8 Fire Magic
 + Level 1.8 Ice Magic
 + Level 1.8 Air Magic
 + Level 1.8 Earth Magic
 + Level 1.8 Poison Magic
 + Level 5.2 Invocations
 + Level 2.2 Evocations


You had 10 spell levels left.
You didn't know any spells.
Your spell library was empty.

Dungeon Overview and Level Annotations

Branches:
Dungeon (4/15)
 Temple: D:4-7

Altars:
Qazlal

Shops:
D:2 (


Innate Abilities, Weirdness & Mutations

You have very sharp teeth.
Your uncanny sense of smell can sniff out nearby items.
Your experience applies equally to all skills.
Armour fits poorly on your strangely shaped body.
Your muscles are strong. (Str +2)
You have hidden genetic defects.


Message History

The phantom is moderately damaged.
The phantom hits you.
The phantom blinks!
You blink.
Found an escape hatch in the ceiling.
The goblin hits you but does no damage. The orc barely misses you.
The phantom closely misses you. Something hits you but does no damage.
The orc priest looks braver for a moment.
The orc throws a boomerang.
The boomerang closely misses you.
You hit the phantom.
The phantom is moderately damaged.
The hobgoblin closely misses you. Something hits you. The goblin misses you.
The phantom closely misses you.
Unknown command.
The hobgoblin hits you but does no damage.
Something hits you.
You miss the orc priest.
The orc priest is severely wounded.
You feel less confused. The hobgoblin completely misses you.
The orc hits you with a +0 short sword.
* * * LOW HITPOINT WARNING * * *
The goblin barely misses you. The orc priest hits you with a +0 whip.
* * * LOW HITPOINT WARNING * * *
You hear some strange, mumbled words.
Something tries to affect you, but you resist.
The phantom barely misses you.
The hobgoblin hits you but does no damage.
The orc hits you with a +0 short sword.
* * * LOW HITPOINT WARNING * * *
It was a potion of ambrosia.
You are confused.
You feel invigorated. The orc priest hits you with a +0 whip.
* * * LOW HITPOINT WARNING * * *
The goblin hits you but does no damage. Something hits you.
* * * LOW HITPOINT WARNING * * *
The phantom barely misses you. The hobgoblin closely misses you.
The orc hits you with a +0 short sword.
* * * LOW HITPOINT WARNING * * *
You completely miss the orc. The goblin hits you but does no damage.
The orc priest invokes the aid of Beogh against you.
Beogh smites you!
You die...

##### #...#
#######...####
.............#
######......#
#...........#
#.####......#
.......{gW..#
#<###.og@####
#...ooo.......
######...#.######.
................
######...#..###.
#.#.##.##
#######.#.# ..#
#.......#.###.##
#..............#


You could see a phantom, 2 orc priests, 2 orcs, a hobgoblin and a goblin.

Vanquished Creatures
  Sigmund (D:3)
  An orc wizard (D:1)
  Robin (D:1)
  4 gnolls (D:3)
  8 adders
  An adder skeleton (D:2)
  A worm (D:2)
  4 dart slugs
  9 orcs
  11 endoplasms
  A giant cockroach (D:3)
  9 hobgoblins
  13 jackals
  4 quokkas
  7 ball pythons
  4 bats
  4 frilled lizards
  19 goblins
  4 kobolds
  6 rats
112 creatures vanquished.

Notes
Turn   | Place    | Note
-------+----------+-------------------------------------------
     0 | Abyss:1  | Gargoyl the Gnoll Abyssal Knight began the quest for the
                  | Orb.
     0 | Abyss:1  | Reached XP level 1. HP: 23/23 MP: 3/3
    39 | Abyss:1  | Noticed a neqoxec
    40 | D:1      | Escaped the Abyss
   123 | D:1      | Reached XP level 2. HP: 15/29 MP: 5/5
   125 | D:1      | Reached * piety under Lugonu
   630 | D:1      | Reached XP level 3. HP: 35/35 MP: 6/6
  1171 | D:2      | Noticed Robin
  1628 | D:1      | Reached skill level 1 in Short Blades
  1628 | D:1      | Reached skill level 1 in Long Blades
  1628 | D:1      | Reached skill level 1 in Maces & Flails
  1628 | D:1      | Reached skill level 1 in Polearms
  1628 | D:1      | Reached skill level 1 in Staves
  1628 | D:1      | Reached skill level 1 in Slings
  1628 | D:1      | Reached skill level 1 in Bows
  1628 | D:1      | Reached skill level 1 in Crossbows
  1628 | D:1      | Reached skill level 1 in Throwing
  1628 | D:1      | Reached skill level 1 in Stealth
  1628 | D:1      | Reached skill level 1 in Shields
  1628 | D:1      | Reached skill level 1 in Unarmed Combat
  1628 | D:1      | Reached skill level 1 in Spellcasting
  1628 | D:1      | Reached skill level 1 in Evocations
  1628 | D:1      | Reached XP level 4. HP: 20/41 MP: 7/7
  1804 | D:1      | Killed Robin
  1876 | D:2      | Reached skill level 1 in Conjurations
  1876 | D:2      | Reached skill level 1 in Hexes
  1876 | D:2      | Reached skill level 1 in Summonings
  1876 | D:2      | Reached skill level 1 in Necromancy
  1876 | D:2      | Reached skill level 1 in Translocations
  1876 | D:2      | Reached skill level 1 in Transmutations
  1876 | D:2      | Reached skill level 1 in Fire Magic
  1876 | D:2      | Reached skill level 1 in Ice Magic
  1876 | D:2      | Reached skill level 1 in Air Magic
  1876 | D:2      | Reached skill level 1 in Earth Magic
  1876 | D:2      | Reached skill level 1 in Poison Magic
  1931 | D:2      | Reached ** piety under Lugonu
  2130 | D:2      | Found Imyh's Antique Weapon Boutique.
  2166 | D:2      | Reached XP level 5. HP: 41/45 MP: 8/8
  3489 | D:3      | Reached skill level 5 in Invocations
  3489 | D:3      | Reached XP level 6. HP: 17/53 MP: 9/9
  3816 | D:3      | Noticed Sigmund
  3844 | D:3      | Gained mutation: Your muscles are strong. (Str +2) [potion
                  | of mutation]
  3844 | D:3      | Gained mutation: You have hidden genetic defects. [potion
                  | of mutation]
  3851 | D:3      | Killed Sigmund
  3852 | D:3      | Reached skill level 5 in Axes
  3852 | D:3      | Reached skill level 5 in Armour
  3854 | D:3      | Gained mutation: Armour fits poorly on your strangely
                  | shaped body. [hidden defects]
  4145 | D:3      | Reached *** piety under Lugonu
  4148 | D:3      | Found a faded altar of an unknown god.
  4312 | D:3      | Reached XP level 7. HP: 47/59 MP: 10/10
  4750 | D:4      | Found a stormy altar of Qazlal.
  4751 | D:4      | Noticed a fire elemental
  4758 | D:4      | Noticed a water elemental
  4762 | D:4      | Noticed an air elemental
  4802 | D:4      | Killed from afar by an orc priest

Illustrated notes

Levels and vault maps discovered:
D:1:      ebering_hopf_link, layout_basic, minivault_5, minmay_cupped
D:2:      layout_basic, serial_shops, nicolae_square_shop,
          minmay_strange_pillars, minmay_tree_intersection,
          minmay_joined_circles, uniq_robin
D:3:      layout_loops_cross, hellmonk_ecumenical_altar_dog_temple,
          st_stairs_10, minmay_checkerbox, uniq_sigmund
D:4:      layout_basic, gammafunk_temple_of_torment,
          mainiacjoe_overflow_alcove_3, mainiacjoe_overflow_tiny_flanked,
          nicolae_qazlal_style_of_elements

Skill      XL: |  1  2  3  4  5  6 |
---------------+-------------------+-----
Short Blades   | 1 2 |  2.2
Long Blades    | 1 2 |  2.2
Maces & Flails | 1 2 |  2.2
Polearms       | 1 2 |  2.2
Staves         | 1 2 |  2.2
Slings         | 1 2 |  2.2
Bows           | 1 2 |  2.2
Crossbows      | 1 2 |  2.2
Throwing       | 1 2 |  2.2
Stealth        | 1 2 |  2.2
Shields        | 1 2 |  2.2
Unarmed Combat | 1 2 |  2.2
Spellcasting   | 1 2 |  2.2
Evocations     | 1 2 |  2.2
Conjurations   | 1 |  1.8
Hexes          | 1 |  1.8
Summonings     | 1 |  1.8
Necromancy     | 1 |  1.8
Translocations | 1 |  1.8
Transmutations | 1 |  1.8
Fire Magic     | 1 |  1.8
Ice Magic      | 1 |  1.8
Air Magic      | 1 |  1.8
Earth Magic    | 1 |  1.8
Poison Magic   | 1 |  1.8
Dodging        | 3 |  3.4
Invocations    | 5 |  5.2
Axes           | 5 |  5.1
Armour         | 5 |  5.1
Fighting       | |  6.9

Action                   |  1- 3 |  4- 6 |  7- 9 || total
-------------------------+-------+-------+-------++-------
Melee: Hand axe          |    82 |    64 |       ||   146
       Bite              |     7 |    21 |     4 ||    32
       Punch             |       |     1 |     1 ||     2
       Falchion          |       |   146 |    26 ||   172
Invok: Depart the Abyss  |     1 |       |       ||     1
  Use: Scroll            |     4 |     3 |     2 ||     9
       Potion            |       |     4 |     1 ||     5
 Stab: Sleeping          |       |     2 |     2 ||     4
Armor: Ring mail         |    42 |    64 |    17 ||   123
Dodge: Dodged            |    55 |   158 |    20 ||   233

Table legend: (Time is in decaauts)
 A = Elapsed time spent in this place.
 B = Non-inter-level travel time spent in this place.
 C = Inter-level travel time spent in this place.
 D = Time resting spent in this place.
 E = Time spent auto-exploring this place.
 F = Levels seen in this place.
 G = Mean time per level.
                   A        B        C        D        E       F      G
               +--------+--------+--------+--------+--------+-----+--------+
         Total |   4850 |   4766 |     84 |    599 |   3310 |   5 |  970.0 |
       Dungeon |   4810 |   4726 |     84 |    599 |   3272 |   4 | 1202.5 |
         Abyss |     40 |     40 |      0 |      0 |     38 |   1 |   40.0 |
               +--------+--------+--------+--------+--------+-----+--------+

Top non-repeatable levels by time:
     D:1: 1787 daAuts
     D:2: 1431 daAuts
     D:3: 1375 daAuts
     D:4: 215 daAuts
 Abyss:1: 40 daAuts
